 Dungeon Crawl Stone Soup version 0.20.0-10-g0535bb4 (webtiles) character file.

11 Scud the Firebug (level 2, -3/17 HPs)
             Began as an Octopode Fire Elementalist on June 4, 2017.
             Killed from afar by a dart slug (6 damage)
             ... with a slug dart
             ... on level 1 of the Dungeon.
             The game lasted 00:04:02 (450 turns).

Scud the Firebug (Octopode Fire Elementalist)        Turns: 450, Time: 00:04:02

Health: -3/17      AC:  1    Str:  7    XL:     2   Next: 29%
Magic:  2/5        EV: 13    Int: 17    God:
Gold:   75         SH:  0    Dex: 12    Spells: 4/5 levels left

rFire    . . .     SeeInvis .   (no weapon)
rCold    . . .     Gourm    .   (no shield)
rNeg     . . .     Faith    .   (helmet restricted)
rPois    .         Spirit   .   h - amulet of regeneration
rElec    .         Reflect  .   (no ring)
rCorr    .         Harm     .   (no ring)
MR       .....                  (no ring)
Stlth    +++.......             (no ring)
Regen    0.5/turn               (no ring)
MPRegen  0.1/turn               (no ring)
                                (no ring)
                                (no ring)

@: no status effects
A: almost no armour, stealthy swim, amphibious, 8 rings, constrict 8, camouflage
1, gelatinous body 1
a: no special abilities


You were on level 1 of the Dungeon.
You were not hungry.

You visited 1 branch of the dungeon, and saw 1 of its levels.

You collected 75 gold pieces.

Inventory:

Jewellery
 h - an amulet of regeneration (around mantle)
Scrolls
 c - a scroll of teleportation {unknown}
 d - a scroll of immolation {unknown}
 g - 2 scrolls of identify {unknown}
Potions
 e - a potion of flight {unknown}
Books
 a - a book of Flames

   Spells                             Type                      Level
   a - Flame Tongue                   Conjuration/Fire             1
   b - Throw Flame                    Conjuration/Fire             2
   c - Conjure Flame                  Conjuration/Fire             3
   d - Inner Flame                    Hexes/Fire                   3
   e - Sticky Flame                   Conjuration/Fire             4
   f - Fireball                       Conjuration/Fire             5
Comestibles
 b - 4 bread rations
 f - a chunk of flesh


   Skills:
 - Level 2.0 Dodging
 - Level 2.6 Stealth
 + Level 0.2 Unarmed Combat
 + Level 2.3 Spellcasting
 + Level 1.1 Conjurations
 + Level 3.3 Fire Magic


You had 4 spell levels left.
You knew the following spells:

 Your Spells              Type           Power        Failure   Level  Hunger
a - Flame Tongue          Conj/Fire      #....        8%          1    #......


Dungeon Overview and Level Annotations

Branches:
Dungeon (1/15)

Altars:


Innate Abilities, Weirdness & Mutations

You cannot wear most types of armour.
You are very stealthy in the water. (Stealth+)
You are amphibious.
You can wear up to eight rings at the same time.
You can use your tentacles to constrict eight enemies at once.
Your skin changes colour to match your surroundings (Stealth+).
Your rubbery body absorbs attacks. (AC +1, EV +1)


Message History

Casting: Flame Tongue
Confirm with . or Enter, or press ? or * to list all spells.
You can't see any susceptible monsters within range! (Use Z to cast anyway.) Unknown command.
Casting: Flame Tongue
Confirm with . or Enter, or press ? or * to list all spells.
You can't see any susceptible monsters within range! (Use Z to cast anyway.)
Casting: Flame Tongue
Confirm with . or Enter, or press ? or * to list all spells.
You can't see any susceptible monsters within range! (Use Z to cast anyway.)
Casting: Flame Tongue
Confirm with . or Enter, or press ? or * to list all spells.
Aiming: Flame Tongue
Press: ? - help, Shift-Dir - straight line, f - dart slug
Aim: a dart slug (moderately wounded, clinging)
The flame tongue hits the dart slug.
The dart slug is heavily wounded.
The dart slug launches a dart at you. The slug dart hits you!
You die...

#..#.#.####.......
.##..#.#............
................#.. #
#..#..............
#.##.................
....................
#.................
#.#.w.####..#..##.
#@#...# #..#..# .
#.#...####..#..#
#.#...#........(
#w#..............
#..)..............
#.................
#..#..####.###...
#..#..####.#
#...........


You could see a dart slug.

Vanquished Creatures
  A dart slug (D:1)
  A leopard gecko (D:1)
  A hobgoblin (D:1)
  2 jackals (D:1)
  4 rats (D:1)
9 creatures vanquished.

Notes
Turn   | Place    | Note
-------+----------+-------------------------------------------
     0 | D:1      | Scud the Octopode Fire Elementalist began the quest for the Orb.
     0 | D:1      | Reached XP level 1. HP: 11/11 MP: 3/3
   385 | D:1      | Reached XP level 2. HP: 14/17 MP: 5/5
   450 | D:1      | Killed from afar by a dart slug

Action                   || total
-------------------------++-------
Melee: Unarmed           ||    21
       Constrict         ||     6
       Tentacles         ||     2
 Cast: Flame Tongue      ||     8
 Stab: Sleeping          ||     1
Armor: Skin              ||     3
Dodge: Dodged            ||    15
